 Dungeon Crawl Stone Soup version 0.25-a0-699-g25a338df49 (webtiles) character file.

Game seed: 17642626147573985222, levelgen mode: deterministic

73 Mehrunes the Chiller (level 4, -1/33 HPs)
             Began as a Mummy Ice Elementalist on Apr 2, 2020.
             Slain by an orc priest
             ... wielding a +0 dagger
              (4 damage)
             ... on level 2 of the Dungeon.
             The game lasted 00:04:38 (1987 turns).

Mehrunes the Chiller (Mummy Ice Elementalist)       Turns: 1987, Time: 00:04:39

Health: -1/33      AC:  3    Str: 11    XL:     4   Next: 8%
Magic:  1/8        EV: 12    Int: 15    God:
Gold:   116        SH:  0    Dex: 12    Spells: 4/8 levels left

rFire    x . .     SeeInvis .   e - -1 falchion (curse)
rCold    + . .     Gourm    .   (no shield)
rNeg     + + +     Faith    .   a - +0 robe
rPois    ∞         Spirit   .   (no helmet)
rElec    .         Reflect  .   (no cloak)
rCorr    .         Harm     .   (no gloves)
MR       .....                  f - +0 pair of boots
Stlth    ++........             (no amulet)
HPRegen  0.11/turn              (no ring)
MPRegen  0.11/turn              (no ring)

@: frozen ramparts
A: no food or potions, fire vulnerability, cold resistance 1, negative energy
resistance 3, torment resistance, unbreathing
a: no special abilities


You were on level 2 of the Dungeon.
You were not hungry.

You visited 1 branch of the dungeon, and saw 2 of its levels.

You collected 116 gold pieces.

Inventory:

Hand Weapons
 c - a +0 dagger
 d - a +1 vorpal spear
 e - a cursed -1 falchion (weapon)
Missiles
 b - 6 silver javelins (quivered)
Armour
 a - a +0 robe (worn)
 f - a +0 pair of boots (worn)


   Skills:
 + Level 1.9 Fighting
 - Level 1.5 Dodging
 - Level 1.5 Stealth
 - Level 2.6 Spellcasting
 * Level 4.3 Ice Magic


You had 4 spell levels left.
You knew the following spells:

 Your Spells              Type           Power        Failure   Level  Hunger
a - Freeze                Ice            ##..         3%          1    N/A
b - Frozen Ramparts       Ice            ##....       11%         3    N/A

Your spell library contained the following spells:

 Spells                   Type           Power        Failure   Level  Hunger
 Magic Dart               Conj           #...         21%         1    N/A
 Ozocubu's Armour         Chrm/Ice       #.......     26%         3    N/A
 Searing Ray              Conj           #.....       30%         2    N/A
 Dazzling Flash           Conj/Hex       #.....       52%         3    N/A
 Hailstorm                Conj/Ice       #.......     65%         4    N/A
 Summon Ice Beast         Ice/Summ       #.......     65%         4    N/A
 Fulminant Prism          Conj/Hex       #.........   90%         4    N/A
 Iskenderun's Mystic Bla  Conj/Tloc      #.......     90%         4    N/A

Dungeon Overview and Level Annotations

Branches:
Dungeon (2/15)

Altars:
Zin


Innate Abilities, Weirdness & Mutations

You do not eat or drink.
Your flesh is vulnerable to fire.
You are immune to poison.
Your flesh is cold resistant. (rC+)
You are immune to negative energy. (rN+++)
You are immune to unholy pain and torment.
You can survive without breathing.


Message History

The orc priest shouts!
The orc priest calls down the wrath of Beogh upon you.
Beogh smites you!
* * * LOW HITPOINT WARNING * * *
There is a stone staircase leading down here.
Casting: Freeze (safe; 3% risk of failure)
Confirm with . or Enter, or press ? or * to list all spells.
Okay, then.
Casting: Freeze (safe; 3% risk of failure)
Confirm with . or Enter, or press ? or * to list all spells.
The walls around you are covered in ice.
The wall freezes the orc.
You aren't carrying any scrolls.
Unknown command.
The wall freezes the orc.
You kill the orc!
The wall freezes the orc priest.
The wall freezes the orc priest.
The orc priest hits you with a +0 dagger.
You die...

.♣
###......#######
.♣
#......)....o.
♣♣ #.....)### ♣
##.......# ♣
#...##...## ♣
#...#.....# ♣
#..##♣....## ♣
#..#.♣.....####
♣♣
#†!#♣......o@.#
.♣♣
#..#♣_........#
..♣
#..#♣.........#
♣.♣
#..#♣♣........#
♣.♣
#..##.........#
♣.♣
#...#.........#
.♣♣
#...##........#
.♣ .........# ♣♣


You could see an orc priest.

Vanquished Creatures
  An orc priest (D:2)
  A worm (D:2)
  2 orcs (D:2)
  3 giant cockroaches (D:2)
  6 goblins (D:2)
  7 hobgoblins
  3 bats
  4 frilled lizards (D:2)
  8 kobolds
  3 rats
38 creatures vanquished.

Notes
Turn   | Place    | Note
-------+----------+-------------------------------------------
     0 | D:1      | Mehrunes the Mummy Ice Elementalist began the quest for the
                  | Orb.
     0 | D:1      | Reached XP level 1. HP: 13/13 MP: 4/4
   627 | D:1      | Reached XP level 2. HP: 15/20 MP: 5/5
   983 | D:2      | Reached skill level 1 in Fighting
  1496 | D:2      | Reached XP level 3. HP: 24/26 MP: 2/7
  1506 | D:2      | Learned a level 3 spell: Frozen Ramparts
  1833 | D:2      | Reached skill level 4 in Ice Magic
  1956 | D:2      | Found a glowing silver altar of Zin,
  1968 | D:2      | Reached XP level 4. HP: 15/33 MP: 2/8
  1987 | D:2      | Slain by an orc priest

Levels and vault maps discovered:
D:1:      dpeg_arrival_concentric_ovals, layout_basic
D:2:      kb_forest_paths, layout_basic, zin_academy, chequers_big_river

Skill      XL: |  1  2  3 |
---------------+----------+-----
Fighting       | 1 |  1.9
Ice Magic      | 4 |  4.3
Dodging        | |  1.5
Stealth        | |  1.5
Spellcasting   | |  2.6

Action                   |  1- 3 |  4- 6 || total
-------------------------+-------+-------++-------
Melee: Dagger            |     6 |       ||     6
       Falchion          |     3 |       ||     3
Throw: Javelin           |     6 |       ||     6
 Cast: Freeze            |    43 |     1 ||    44
       Frozen Ramparts   |     2 |     1 ||     3
 Stab: Sleeping          |     1 |       ||     1
Armor: Robe              |     6 |       ||     6
Dodge: Dodged            |    29 |       ||    29
       Rpst.: Falchion   |     6 |       ||     6

Table legend:
 A = Non-vault XP
 B = Vault XP
 C = Vault XP percentage of total XP
 D = Non-vault monster count
 E = Vault monster count
 F = Vault count percentage of total count
                 A         B        C        D         E       F
            +---------+---------+-------+---------+---------+-------
      Total |      96 |       9 |   8.6 |      32 |       6 |  15.8
            +---------+---------+-------+---------+---------+-------
        D:1 |      12 |       0 |   0.0 |       8 |       0 |   0.0
        D:2 |      84 |       9 |   9.7 |      24 |       6 |  20.0
            +---------+---------+-------+---------+---------+-------
